 Dungeon Crawl Stone Soup version 0.30-a0-1016-gfb0d676c02 (webtiles) character file.

Game seed: 12495638505053550260

480 coolio the Digger (level 6, -3/53 HPs)
             Began as a Troll Earth Elementalist on Apr 6, 2023.
             Was an Initiate of Sif Muna.
             Slain by an ogre
             ... wielding a +0 giant club
              (27 damage)
             ... on level 5 of the Dungeon.
             The game lasted 00:03:58 (3180 turns).

coolio the Digger (Troll Earth Elementalist)        Turns: 3180, Time: 00:03:58

Health: -3/53      AC:  4    Str: 17    XL:     6   Next: 86%
Magic:  8/8        EV:  9    Int: 13    God:    Sif Muna [......]
Gold:   272        SH:  0    Dex: 10    Spells: 6/9 levels left

rFire   . . .      SeeInvis .      - Unarmed
rCold   + . .      Faith    .    (no shield)
rNeg    . . .      Spirit   .    a - +0 robe
rPois   .          Reflect  .    (helmet restricted)
rElec   .          Rampage  .    (no cloak)
rCorr   .                        (gloves unavailable)
Will    .....                    (boots unavailable)
Stlth   +                        (no amulet)
HPRegen 1.08/turn                p - ring of protection from cold
MPRegen 0.11/turn                (no ring)

@: no status effects
A: large, unfitting armour, claws 3, regeneration 1, shaggy fur 1, tough skin 1
a: Renounce Religion


You were on level 5 of the Dungeon.
You worshipped Sif Muna.
Sif Muna was noncommittal.
You visited 2 branches of the dungeon, and saw 6 of its levels.

You collected 272 gold pieces.

Inventory:

Missiles
 r - a throwing net
Armour
 a - a +0 robe (worn)
Jewellery
 p - a ring of protection from cold (left claw)
Wands
 n - a wand of paralysis (8)
Scrolls
 c - a scroll of immolation {unknown}
 d - a scroll of amnesia {unknown}
 f - 2 scrolls of vulnerability {unknown}
 g - 3 scrolls of fear {unknown}
 j - 5 scrolls of identify {unknown}
 k - a scroll of enchant weapon {unknown}
 l - a scroll of teleportation {unknown}
Potions
 b - a potion of magic
 e - 5 potions of haste
 i - 2 potions of attraction {unknown}
 m - 2 potions of ambrosia {unknown}
 o - a potion of cancellation {unknown}
 q - 2 potions of brilliance {unknown}
 s - a potion of degeneration {unknown}
 t - a potion of flight {unknown}


   Skills:
 - Level 1.5 Dodging
 - Level 1.0 Stealth
 * Level 3.5 Unarmed Combat
 + Level 2.0 Spellcasting
 * Level 3.0 Transmutations
 * Level 4.3 Earth Magic


You had 6 spell levels left.
You knew the following spells:

 Your Spells              Type           Power      Damage    Failure   Level
a - Sandblast             Erth           24%        2d8       4%          1
b - Wereblood             Tmut           9%         N/A       11%         2

Your spell library contained the following spells:

 Spells                   Type           Power      Damage    Failure   Level
 Passwall                 Tmut/Erth      8%         N/A       9%          2
 Magic Dart               Conj           4%         1d3       26%         1
 Stone Arrow              Conj/Erth      12%        3d7       30%         3
 Call Imp                 Summ           1%         N/A       36%         2
 Sublimation of Blood     Necr           1%         N/A       36%         2
 Petrify                  Tmut/Erth      10%        N/A       50%         4
 Mephitic Cloud           Conj/Pois/Air  1%         N/A       58%         3
 Vhi's Electric Charge    Tloc/Air       2%         N/A       58%         3
 Animate Armour           Summ/Erth      12%        N/A       71%         4
 Blade Hands              Tmut           4%         N/A       90%         5
 Arcjolt                  Conj/Air       0%         1d10      100%        5
 Iron Shot                Conj/Erth      3%         9d2       100%        6
 Summon Hydra             Summ           0%         N/A       100%        7
 Maxwell's Capacitive Co  Air            0%         ∞         100%        8


Dungeon Overview and Level Annotations

Branches:
Dungeon (5/15)             Temple (1/1) D:4

Altars:
Dithmenos
Okawaru
Qazlal
Sif Muna
Uskayaw
Xom
Zin
The Shining One


Innate Abilities, Weirdness & Mutations

You are too large for most types of armour.
You have claws for hands.
Your natural rate of healing is unusually fast.
You are covered in fur. (AC +1)
You have tough skin. (AC +1)


Message History

The ogre is heavily wounded.
You feel sick. The adder bites you but does no damage. The scorpion stings you.
You are more poisoned.
The scorpion poisons you! The ogre hits you with a +0 giant club!
* * * LOW HITPOINT WARNING * * *
You are too injured to fight recklessly!
You are too injured to fight recklessly!
You are too injured to fight recklessly!
You are too injured to fight recklessly!
You are too injured to fight recklessly!
You are too injured to fight recklessly!
You are too injured to fight recklessly!
You are too injured to fight recklessly!
You are too injured to fight recklessly!
You are too injured to fight recklessly!
You are too injured to fight recklessly!
You are too injured to fight recklessly!
You are too injured to fight recklessly!
You are too injured to fight recklessly!
You are too injured to fight recklessly!
You are too injured to fight recklessly!
You are too injured to fight recklessly!
You are too injured to fight recklessly!
You are too injured to fight recklessly!
You are too injured to fight recklessly!
You are too injured to fight recklessly!
You are too injured to fight recklessly!
You are too injured to fight recklessly!
You are too injured to fight recklessly!
You are too injured to fight recklessly!
You are too injured to fight recklessly!
You are too injured to fight recklessly!
Unknown command.
You feel better. The adder closely misses you. The scorpion stings you.
You claw the ogre!
The ogre is almost dead.
The adder bites you but does no damage. The scorpion barely misses you.
The ogre hits you with a +0 giant club!!
Ouch! That really hurt!
You die...

...#.#.#####
.#.#..............#
.#.....######.....#
.....### #......####
.>..########.......[<#
###.#.....# .?.......#
#...#.###.# #.......#
#.###.# #.####.OsS...#
#.# #.# #.......@....#
#.# #.# ######.......#
#.# #.### #.......#
#.# #...# #.......#
#.#####.# #.......#
#.......# #....^..#
######### #########


You could see an ogre, a scorpion and an adder.

Vanquished Creatures
  A scorpion (D:5)
  4 hounds
  2 orc priests (D:5)
  An iguana (D:4)
  An orc wizard (D:5)
  6 adders
  4 gnolls
  A white imp (D:3)
  A worm (D:2)
  3 dart slugs (D:1)
  7 orcs
  7 ball pythons
  5 bats
  6 endoplasms
  3 giant cockroaches
  3 hobgoblins
  9 jackals
  2 quokkas
  2 frilled lizards (D:2)
  11 goblins
  7 kobolds
  3 rats
89 creatures vanquished.

Notes
Turn   | Place    | Note
-------+----------+-------------------------------------------
     0 | D:1      | coolio the Troll Earth Elementalist began the quest for the
                  | Orb.
     0 | D:1      | Reached XP level 1. HP: 16/16 MP: 1/1
   111 | D:1      | Reached XP level 2. HP: 22/24 MP: 2/2
   136 | D:1      | Reached skill level 1 in Transmutations
   299 | D:1      | Reached skill level 1 in Unarmed Combat
   299 | D:1      | Reached skill level 3 in Earth Magic
   456 | D:1      | Reached XP level 3. HP: 20/31 MP: 4/4
  1368 | D:2      | Reached XP level 4. HP: 34/39 MP: 5/5
  1419 | D:2      | Learned a level 2 spell: Wereblood
  1716 | D:3      | Found a glowing golden altar of the Shining One.
  1931 | D:3      | Found a shimmering altar of Xom.
  2060 | D:4      | Reached XP level 5. HP: 12/45 MP: 6/6
  2514 | D:4      | Found a staircase to the Ecumenical Temple.
  2528 | D:4      | Reached XP level 6. HP: 51/53 MP: 7/7
  2541 | Temple   | Entered the Ecumenical Temple
  2608 | Temple   | Became a worshipper of Sif Muna the Loreminder
  2882 | D:5      | Entered Level 5 of the Dungeon
  2911 | D:5      | Reached skill level 4 in Earth Magic
  3180 | D:5      | Slain by an ogre

Illustrated notes

Levels and vault maps discovered:
D:1:      lightli_arrival_noodles, layout_basic
D:2:      layout_loops_ring, st_stairs_6
D:3:      layout_rooms, tso_metal_star, mainiacjoe_overflow_surrounded_room,
          minmay_crystal_room
D:4:      layout_layer_cave, minmay_temple_entry_trees
D:5:      layout_basic
Temple:   grunt_temple_mini_profane

Skill      XL: |  1  2  3  4  5  6 |
---------------+-------------------+-----
Transmutations | 1 2 3 |  3.0
Unarmed Combat | 1 2 3 |  3.5
Earth Magic    | 3 4 |  4.3
Spellcasting   | 2 |  2.0
Dodging        | |  1.5
Stealth        | |  1.0

Action                     |  1- 3 |  4- 6 || total
---------------------------+-------+-------++-------
  Melee: Unarmed           |   121 |   169 ||   290
         Punch             |       |     2 ||     2
    Use: Potion            |       |     1 ||     1
   Stab: Sleeping          |     5 |     4 ||     9
 Armour: Robe              |    51 |    49 ||   100
  Dodge: Dodged            |    66 |    78 ||   144

Table legend: (Time is in decaauts)
 A = Elapsed time spent in this place.
 B = Non-inter-level travel time spent in this place.
 C = Inter-level travel time spent in this place.
 D = Time resting spent in this place.
 E = Time spent auto-exploring this place.
 F = Levels seen in this place.
 G = Mean time per level.
                   A        B        C        D        E       F      G
               +--------+--------+--------+--------+--------+-----+--------+
         Total |   3168 |   3050 |    118 |      0 |   2411 |   6 |  528.0 |
       Dungeon |   3076 |   2993 |     83 |      0 |   2359 |   5 |  615.2 |
        Temple |     91 |     56 |     35 |      0 |     52 |   1 |   91.0 |
               +--------+--------+--------+--------+--------+-----+--------+

Top non-repeatable levels by time:
     D:1: 853 daAuts
     D:4: 760 daAuts
     D:3: 589 daAuts
     D:2: 578 daAuts
     D:5: 295 daAuts
  Temple: 91 daAuts
